 Dungeon Crawl Stone Soup version bcrawl-1.31 (webtiles) character file.

Game seed: 16591024111146955722

102136 AtilaTheSponge the Sneak (level 4, -15/29 (30) HPs)
             Began as a Kobold Rogue on Mar 24, 2021.
             Demolished by Menkaure (18 damage)
             ... on level 2 of the Dungeon.
             The game lasted 00:07:31 (1920 turns).

AtilaTheSponge the Sneak (Kobold Rogue)             Turns: 1920, Time: 00:07:32

HP:   -15/29 (30)   AC:  3    Str:  8    XL:     4   Next: 14%
MP:   5/5           EV: 13    Int: 13    God:
Gold: 124           SH:  0    Dex: 17    Spells: 3/3 levels left

rFire    . . .     SeeInvis .   a - +2 dagger
rCold    . . .     Gourm    .   (shield restricted)
rNeg     . . .     Faith    .   c - +0 robe
rPois    .         Spirit   .   (no helmet)
rElec    .         Reflect  .   d - +0 cloak
rCorr    .         Harm     .   (no gloves)
MR       .....                  (no boots)
Stlth    ++++......             (no amulet)
HPRegen  0.09/turn              (no ring)
MPRegen  0.09/turn              (no ring)

@: no status effects
A: small, talons 1, carnivore, mutation resistance 1, sense surroundings 2
a: no special abilities


You were on level 2 of the Dungeon.
You were very full.

You visited 1 branch of the dungeon, and saw 2 of its levels.

You collected 124 gold pieces.

Inventory:

Hand Weapons
 a - a +2 dagger (weapon)
 b - a +0 blowgun
 j - a +0 dagger
 p - a +0 mace of protection
Missiles
 h - 165 poisoned needles (quivered)
 k - 298 arrows
Armour
 c - a +0 robe (worn)
 d - a +0 cloak (worn)
Jewellery
 l - an uncursed ring of protection from magic {unknown}
Wands
 f - a wand of flame (15)
 g - a wand of enslavement (15)
Scrolls
 i - 4 scrolls of identify
 m - 2 scrolls of teleportation {unknown}
 o - 2 scrolls of immolation {unknown}
 r - a scroll of amnesia {unknown}
 t - a scroll of fear {unknown}
Potions
 n - a potion of agility {unknown}
 s - a potion of magic {unknown}
Comestibles
 e - 5 rations {!d}
 q - a chunk of flesh


   Skills:
 * Level 2.6 Fighting
 * Level 3.7 Short Blades
 + Level 0.1 Dodging
 + Level 7.0 Stealth
 - Level 2.4 Evocations


You had 3 spell levels left.
You didn't know any spells.
Your spell library was empty.

Dungeon Overview and Level Annotations

Branches:
Dungeon (2/12)

Altars:
Kikubaaqudgha
Yredelemnul

Annotations:
D:2 1 transporter, Menkaure


Innate Abilities, Weirdness & Mutations

You are small and have problems with some larger weapons.
You have sharp toenails.
You are carnivorous and can eat meat at any time.
You are somewhat resistant to further mutation.
You passively map the area around you.


Message History

You hit the necrophage but do no damage.
You claw the necrophage.
The necrophage is moderately damaged.
The jackal skeleton misses you.
You hit the necrophage. Your kick misses the necrophage.
The necrophage is heavily damaged.
The jackal skeleton closely misses you. The necrophage closely misses you.
Menkaure points at you and mumbles some strange words.
Pain shoots through your body!
You hit the necrophage.
You claw the necrophage, but do no damage.
The necrophage is heavily damaged.
The jackal skeleton barely misses you. The necrophage hits you.
You feel your flesh rotting away! Menkaure hits you!
* * * LOW HITPOINT WARNING * * *
Menkaure calls on the powers of darkness!
You feel a surge of unholy energy. Menkaure hits you!!
Ouch! That really hurt!
You die...

#........[.......###..
#.#############.......
#.#...........#.......
#.#}..........#..####.
#.#$.###.###..#..# #.
##.#_.#8#.#8#..#..# #.
##..#(..........#..## #.
#..©#⌠..MnM.....#©..###.
#...#).@.Z......#....##.
#.#.#_.#8#.#8#..#.##.##.
#.#.#$.###(###..#.##....
#...#(..........#.......
##..#©.".......[#.##....
#..#############.##....
#................##....
#........#.####.###....
#.......##.####.###....


You could see a necrophage, Menkaure, a mummy and a jackal skeleton.

Vanquished Creatures
  An ooze (D:1)
  3 dart slugs
  A leopard gecko (D:1)
  3 giant cockroaches
  5 goblins
  2 hobgoblins (D:1)
  12 jackals
  3 bats
  A frilled lizard (D:2)
  4 kobolds
  2 rats
37 creatures vanquished.

Notes
Turn   | Place    | Note
-------+----------+-------------------------------------------
     0 | D:1      | AtilaTheSponge the Kobold Rogue began the quest for the
                  | Orb.
     0 | D:1      | Reached XP level 1. HP: 14/14 MP: 2/2
   143 | D:1      | Reached skill level 6 in Stealth
   154 | D:1      | Reached XP level 2. HP: 18/20 MP: 3/3
   500 | D:1      | Reached XP level 3. HP: 25/25 MP: 4/4
  1231 | D:2      | Reached XP level 4. HP: 11/30 MP: 5/5
  1327 | D:2      | Found a transporter.
  1370 | D:2      | Found a basalt altar of Yredelemnul.
  1374 | D:2      | Noticed Menkaure
  1377 | D:2      | Noticed a necrophage
  1380 | D:2      | Found an ancient bone altar of Kikubaaqudgha.
  1383 | D:2      | Found a transporter.
  1421 | D:2      | Reached skill level 7 in Stealth
  1920 | D:2      | Demolished by Menkaure

Skill      XL: |  1  2  3  4 |
---------------+-------------+-----
Stealth        | 6 7 |  7.0
Short Blades   | 3 |  3.7
Fighting       | |  2.6
Dodging        | |  0.1
Evocations     | |  2.4

Action                   |  1- 3 |  4- 6 || total
-------------------------+-------+-------++-------
Melee: Dagger            |    94 |    28 ||   122
       Kick              |    20 |     7 ||    27
 Stab: Sleeping          |     7 |     1 ||     8
  Eat: Chunk             |    10 |     3 ||    13
Armor: Robe              |    18 |     4 ||    22
Dodge: Dodged            |    52 |    14 ||    66
